 Dungeon Crawl Stone Soup version 0.28-a0-932-g843f935a50 (webtiles) character file.

Game seed: 11716011502889073829

19 GenialerGandalf the Skirmisher (level 2, 27/27 HPs)
             Began as a Hill Orc Fighter on Nov 6, 2021.
             Got out of the dungeon alive.
             The game lasted 00:01:29 (459 turns).

GenialerGandalf the Skirmisher (Hill Orc Fighter)    Turns: 459, Time: 00:01:29

Health: 27/27      AC:  6    Str: 18    XL:     2   Next: 75%
Magic:  2/2        EV:  9    Int:  8    God:
Gold:   16         SH:  4    Dex: 10    Spells: 1/1 levels left

rFire   . . .      SeeInvis .   a - +0 war axe
rCold   . . .      Faith    .   c - +0 buckler
rNeg    . . .      Spirit   .   b - +0 scale mail
rPois   .          Reflect  .   (no helmet)
rElec   .          Harm     .   (no cloak)
rCorr   .          Rampage  .   (no gloves)
Will    .....                   (no boots)
Stlth   ..........              (no amulet)
HPRegen 0.09/turn               (no ring)
MPRegen 0.08/turn               (no ring)

@: no status effects
A: no striking features
a: no special abilities


You escaped.
You visited 1 branch of the dungeon, and saw 1 of its levels.

You collected 16 gold pieces.

Inventory:

Hand Weapons
 a - a +0 war axe (weapon)
Armour
 b - a +0 scale mail (worn)
 c - a +0 buckler (worn)
Scrolls
 e - a scroll of teleportation {unknown}
 g - a scroll of noise {unknown}
Potions
 d - a potion of might
 f - a potion of invisibility {unknown}


   Skills:
 + Level 3.9 Fighting
 + Level 3.4 Axes
 + Level 3.4 Armour
 + Level 0.2 Dodging
 + Level 3.4 Shields


You had one spell level left.
You didn't know any spells.
Your spell library was empty.

Dungeon Overview and Level Annotations

Branches:
Dungeon (1/15)

Altars:


Message History

You kill the frilled lizard!
Found a scroll labelled BUSIEG ZOJUY.
You see here a frilled lizard corpse.
You now have 16 gold pieces.
You see here a +0 whip.
A rat and an endoplasm come into view.
The endoplasm quivers.
The endoplasm moves out of view.
You see here a scroll labelled BUSIEG ZOJUY.
Found a silvery potion.
Found a stone staircase leading down.
You slash the rat!
You kill the rat!
You see here a rat corpse.
You slash the endoplasm!
You kill the endoplasm!
A jackal and a kobold come into view.
Found a runed whip.
The jackal barks!
You closely miss the jackal. The jackal barely misses you.
The jackal bites you but does no damage.
You completely miss the jackal. You closely miss the kobold.
The jackal barely misses you. The kobold barely misses you.
The jackal bites you but does no damage.
You block the kobold's attack.
You hit the kobold but do no damage. You slash the jackal!
You kill the jackal!
The kobold closely misses you.
You slash the kobold!
You kill the kobold!
Things that are here:
a +0 club; a kobold corpse
There is a stone staircase leading down here.
f - a silvery potion
g - a scroll labelled BUSIEG ZOJUY
There is a staircase leading out of the dungeon here.
Are you sure you want to leave the Dungeon?
This will make you lose the game! [Y]es or [N]o only, please.
Are you sure you want to leave the Dungeon?
This will make you lose the game!
You have escaped!

.######...###..###.......## ##
###..................
#......#.........#
#.....##.........# ..
####................# ..
######........#####..#######.
#............#.....#..## #..
#.####......#.......#..###.#
#.# ##....#....@....#..##.###
#.#####.#...#.......#..#.....#
..........#..#.....#..##.....#
..........##..#####..........#
#††.........#... ............#
#.†......##.##..##...#.......#
#†........... .###........####
#....†....#.#. # ....###..###
..........#..... ....###....##


There were no monsters in sight!

Vanquished Creatures
  2 endoplasms (D:1)
  2 hobgoblins (D:1)
  5 jackals (D:1)
  A kobold (D:1)
  2 quokkas (D:1)
  A ball python (D:1)
  2 frilled lizards (D:1)
  A rat (D:1)
16 creatures vanquished.

Notes
Turn   | Place    | Note
-------+----------+-------------------------------------------
     0 | D:1      | GenialerGandalf the Hill Orc Fighter began the quest for
                  | the Orb.
     0 | D:1      | Reached XP level 1. HP: 19/19 MP: 1/1
    34 | D:1      | Reached XP level 2. HP: 14/27 MP: 2/2
    46 | D:1      | Upgraded the game from 0.28-a0-796-gd4f0d3f9b2 to
                  | 0.28-a0-932-g843f935a50
   459 | D:$      | Got out of the dungeon alive.

Illustrated notes

Levels and vault maps discovered:
D:1:      scummos_arrival_hexagon, layout_rooms,
          hellmonk_ecumenical_altar_lost_god

Skill      XL: |  1 |
---------------+----+-----
Axes           | 3 |  3.4
Fighting       | |  3.9
Armour         | |  3.4
Dodging        | |  0.2
Shields        | |  3.4

Action                   || total
-------------------------++-------
Melee: War axe           ||    31
Armor: Scale mail        ||    21
Dodge: Dodged            ||    20
Block: Buckler           ||     6

Table legend: (Time is in decaauts)
 A = Elapsed time spent in this place.
 B = Non-inter-level travel time spent in this place.
 C = Inter-level travel time spent in this place.
 D = Time resting spent in this place.
 E = Time spent auto-exploring this place.
 F = Levels seen in this place.
 G = Mean time per level.
                   A        B        C        D        E       F      G
               +--------+--------+--------+--------+--------+-----+--------+
         Total |    469 |    461 |      8 |      0 |    319 |   1 |  469.0 |
       Dungeon |    469 |    461 |      8 |      0 |    319 |   1 |  469.0 |
               +--------+--------+--------+--------+--------+-----+--------+

Top non-repeatable levels by time:
     D:1: 469 daAuts
